 Dungeon Crawl Stone Soup version 0.27-a0-1200-g94dc6ad4cf (webtiles) character file.

Game seed: 15966161346074872885

53 bande the Shield-Bearer (level 3, -5/23 HPs)
             Began as a Gargoyle Fighter on May 31, 2021.
             Slain by Crazy Yiuf
             ... wielding a +4 quarterstaff of chaos
              (6 damage)
             ... on level 2 of the Dungeon.
             The game lasted 00:02:46 (2173 turns).

bande the Shield-Bearer (Gargoyle Fighter)          Turns: 2173, Time: 00:02:47

Health: -5/23      AC: 10    Str: 19    XL:     3   Next: 87%
Magic:  3/3        EV:  5    Int:  8    God:
Gold:   59         SH: 14    Dex: 10    Spells: 2/2 levels left

rFire    . . .     SeeInvis .   a - +0 war axe
rCold    . . .     Faith    .   f - +0 tower shield
rNeg     + . .     Spirit   .   b - +0 scale mail
rPois    ∞         Reflect  .   (no helmet)
rElec    +         Harm     .   (no cloak)
rCorr    .         Rampage  .   (no gloves)
Will     .....                  (no boots)
Stlth    ..........             (no amulet)
HPRegen  0.07/turn              (no ring)
MPRegen  0.08/turn              (no ring)

@: no status effects
A: sickness immunity, AC +3, negative energy resistance 1, electricity
resistance, torment resistance 1, petrification resistance
a: no special abilities


You were on level 2 of the Dungeon.
You visited 1 branch of the dungeon, and saw 2 of its levels.

You collected 59 gold pieces.

Inventory:

Hand Weapons
 a - a +0 war axe (weapon)
Armour
 b - a +0 scale mail (worn)
 f - a +0 tower shield (worn)
Jewellery
 e - an amulet of guardian spirit
Scrolls
 g - a scroll of identify
Potions
 c - a potion of magic
 d - a potion of might


   Skills:
 + Level 3.5 Fighting
 + Level 2.2 Axes
 + Level 3.7 Armour
 + Level 0.5 Dodging
 + Level 0.1 Stealth
 + Level 4.0 Shields


You had 2 spell levels left.
You didn't know any spells.
Your spell library contained the following spells:

 Spells                   Type           Power      Damage    Failure   Level
 Magic Dart               Conj           0%         1d3       100%        1
 Searing Ray              Conj           0%         3d3       100%        2
 Dazzling Flash           Conj/Hex       0%         N/A       100%        3
 Fulminant Prism          Conj/Hex       0%         3d6       100%        4
 Iskenderun's Mystic Bla  Conj/Tloc      0%         2d3       100%        4


Dungeon Overview and Level Annotations

Branches:
Dungeon (2/15)

Altars:

Shops:
D:2 (

Annotations:
D:2 Crazy Yiuf


Innate Abilities, Weirdness & Mutations

You are immune to sickness and miasma.
Your stone body is resilient. (AC +3)
You are immune to poison.
You resist negative energy. (rN+)
You are resistant to electric shocks. (rElec)
You are resistant to unholy torment.
You are immune to petrification.


Message History

The hobgoblin is almost dead.
You block the hobgoblin's attack. x2
You slash the hobgoblin!
You kill the hobgoblin!
No target in view!
You see here a hobgoblin corpse.
There is a stone staircase leading up here.
There is a fountain of clear blue water here.
There is a dry fountain here.
Partly explored, can't reach some places.
Partly explored, can't reach some places.
You slash the fungus!
The fungus begins to die.
The fungus is lightly damaged.
You hit the fungus but do no damage. You slash the fungus!
The fungus is lightly damaged.
You hit the fungus.
The fungus begins to die.
You hit the fungus.
The fungus is lightly damaged.
You hit the fungus.
A nearby fungus withers and dies.
A nearby fungus withers and dies.
You hit the fungus.
The fungus begins to die.
The fungus is lightly damaged.
You hit the fungus.
The fungus is lightly damaged.
A nearby fungus withers and dies.
Found a mace.
Found a runed translucent door.
Crazy Yiuf shouts!
You open the door. You hit Crazy Yiuf but do no damage.
Crazy Yiuf hits you with a +4 quarterstaff of chaos.
Crazy Yiuf barely misses you.
You barely miss Crazy Yiuf.
Crazy Yiuf hits you with a +4 quarterstaff of chaos.
Crazy Yiuf freezes you.
Crazy Yiuf hits you with a +4 quarterstaff of chaos!
* * * LOW HITPOINT WARNING * * *
You hit Crazy Yiuf but do no damage.
Crazy Yiuf hits you with a +4 quarterstaff of chaos.
You die...

#.# #.# #.## #.# ###
##.## #.##### ###.##
#.....# ##### #.##.#
#.##### #..)# #.#.##
#.# #...# #..## #.#
... #.## #.##### #g#
#.########## #.....#
♣♣@♣ #...........
#.##### ♣.♣♣
############ #.###.#
♣♣.♣ #.##[## ♣.♣♣
#.#.## ♣♣.♣♣
######..## ♣.P.♣♣
##### ....##.## ♣♣P..♣
#...########
.....#..## #....#
###.##......
###..#.#.#####....####
#.##.#####


You could see Crazy Yiuf.

Vanquished Creatures
  A dart slug (D:1)
  6 endoplasms
  2 giant cockroaches (D:1)
  3 goblins (D:1)
  6 hobgoblins
  2 jackals (D:1)
  5 quokkas (D:1)
  2 ball pythons
  8 bats
  3 frilled lizards
  3 kobolds (D:1)
  3 rats
44 creatures vanquished.

Vanquished Creatures (others)
  3 fungi (D:2)
3 creatures vanquished.

Grand Total: 47 creatures vanquished

Notes
Turn   | Place    | Note
-------+----------+-------------------------------------------
     0 | D:1      | bande the Gargoyle Fighter began the quest for the Orb.
     0 | D:1      | Reached XP level 1. HP: 14/14 MP: 1/1
   207 | D:1      | Reached XP level 2. HP: 12/19 MP: 2/2
   381 | D:1      | Found a faded altar of an unknown god.
   544 | D:1      | Reached XP level 3. HP: 22/23 MP: 3/3
  1281 | D:2      | Found Xetaiq's Antique Weapon Shoppe.
  1522 | D:2      | Reached skill level 4 in Shields
  2166 | D:2      | Found a runed translucent door.
  2167 | D:2      | Noticed Crazy Yiuf
  2172 | D:2      | HP: 1/23 [Crazy Yiuf/+4 quarterstaff of chaos (10)]
  2173 | D:2      | Slain by Crazy Yiuf

Illustrated notes

Levels and vault maps discovered:
D:1:      wander_arrival_chamber, layout_basic,
          ebering_ecumenical_altar_petrified, minivault_26
D:2:      layout_loops_ring, serial_shops,
          nicolae_shop_temple_entry_statues_fountains, uniq_crazy_yiuf_cottage

Skill      XL: |  1  2  3 |
---------------+----------+-----
Axes           | 2 |  2.2
Shields        | 4 |  4.0
Fighting       | |  3.5
Armour         | |  3.7
Dodging        | |  0.5
Stealth        | |  0.1

Action                   || total
-------------------------++-------
Melee: War axe           ||   131
  Use: Scroll            ||     4
Armor: Scale mail        ||    62
Dodge: Dodged            ||    37
Block: Tower shield      ||   123
       Kite shield       ||     2

Table legend: (Time is in decaauts)
 A = Elapsed time spent in this place.
 B = Non-inter-level travel time spent in this place.
 C = Inter-level travel time spent in this place.
 D = Time resting spent in this place.
 E = Time spent auto-exploring this place.
 F = Levels seen in this place.
 G = Mean time per level.
                   A        B        C        D        E       F      G
               +--------+--------+--------+--------+--------+-----+--------+
         Total |   2281 |   2281 |      0 |    108 |   1762 |   2 | 1140.5 |
       Dungeon |   2281 |   2281 |      0 |    108 |   1762 |   2 | 1140.5 |
               +--------+--------+--------+--------+--------+-----+--------+

Top non-repeatable levels by time:
     D:1: 1357 daAuts
     D:2: 924 daAuts
